Map: Blackpink LE

Players

axu - Winner!

  • Race: Protoss Protoss
  • League: Platinum
  • Spawn Location: 1:00

CountZero

  • Race: Terran Terran
  • League: Diamond
  • Spawn Location: 7:00

VOD

Have the link to the VOD?

Description

Time

  • Played on: May 14, 2018, 1:38 p.m.
  • Length: 12:40
Show
View Real Time Build Order
Export as new Build Order

axu Protoss - Winner!

Build Orders:  

Get SALT Encoding   

  12  0:01  Probe  
  13  0:13  Probe  
  14  0:23  Pylon  
  14  0:25  Probe  
  15  0:41  Gateway, Probe  
  16  0:52  Probe  
  16  0:55  Assimilator  
  17  1:00  Probe  
  18  1:08  Probe  
  19  1:20  Probe  
  20  1:45  Nexus  
  20  1:48  Cybernetics Core  
  20  1:54  Probe  
  20  1:59  Assimilator  
  21  2:02  Probe  
  22  2:10  Probe  
  22  2:21  Probe  
  23  2:23  Pylon  
  23  2:27  Gateway  
  23  2:28  Warp Gate  
  23  2:32  Stalker  
  23  2:41  Probe  
  26  2:45  Pylon  
  26  2:51  Shield Battery  
  26  2:53  Probe  
  26  2:56  Probe  
  28  3:01  Probe  
  28  3:04  Stalker  
  31  3:08  Probe  
  32  3:18  Stalker  
  34  3:23  Robotics Facility  
  34  3:25  Probe  
  35  3:27  Probe  
  36  3:37  Probe  
  37  3:41  Stalker  
  37  3:42  Probe  
  40  3:49  Probe  
  40  3:50  Stalker  
  40  3:54  Probe  
  44  3:58  Gateway  
  44  4:01  Probe  
  45  4:03  Gateway  
  45  4:06  Probe  
  46  4:13  Probe  
  47  4:18  Probe  
  47  4:21  Observer, Pylon  
  49  4:25  Probe  
  50  4:40  Stalker  
  50  4:41  Stalker  
  50  4:43  Observer  
  55  4:51  Probe x2  
  57  4:55  Assimilator  
  57  4:56  Assimilator  
  57  5:03  Probe  
  57  5:04  Immortal  
  62  5:14  Pylon  
  62  5:16  Pylon  
  62  5:45  Stalker x3  
  68  5:55  Immortal  
  64  6:03  Stalker  
  64  6:17  Gateway  
  64  6:18  Gateway  
  64  6:19  Stalker x3  
  64  6:21  Forge  
  64  6:22  Forge  
  70  6:27  Stalker  
  72  6:36  Twilight Council  
  72  6:55  Probe x2  
  74  7:07  Probe x2  
  76  7:09  Nexus  
  76  7:18  Zealot, Charge  
  76  7:21  Protoss Ground Armor Level 1, Protoss Ground Weapons Level 1  
  78  7:24  Pylon  
  78  7:28  Pylon  
  78  7:29  Pylon  
  78  7:31  Pylon  
  78  7:33  Pylon  
  78  7:37  Immortal  
  78  7:42  Probe x2  
  84  7:54  Probe x2  
  86  8:11  Immortal  
  86  8:15  Templar Archives  
  86  8:19  Pylon  
  90  8:20  Probe x2  
  90  8:21  Pylon  
  90  8:25  Probe  
  93  8:29  Assimilator  
  93  8:30  Zealot  
  93  8:31  Zealot x5, Assimilator  
  93  8:32  Probe x2  
  107  8:37  Probe  
  108  8:44  Probe  
  108  8:48  Psionic Storm  
  109  8:56  Shield Battery, High Templar x3  
  109  8:57  High Templar x3  
  109  8:58  Shield Battery  
  109  9:01  Shield Battery  
  121  9:03  Shield Battery  
  121  9:08  Warp Prism  
  123  9:17  Protoss Ground Armor Level 2, Protoss Ground Weapons Level 2  
  123  9:20  Probe x3  
  126  9:29  Nexus  
  126  9:30  Gateway  
  126  9:31  Gateway  
  126  9:32  Gateway  
  126  9:34  Gateway  
  126  9:40  High Templar  
  126  9:41  High Templar x3  
  126  9:42  Zealot  
  126  9:45  Zealot  
  138  9:46  Archon  
  138  9:47  Archon  
  138  10:11  Zealot x2  
  142  10:19  Stargate  
  142  10:24  Probe x3  
  145  10:29  High Templar  
  145  10:30  High Templar  
  145  10:34  Pylon  
  145  10:35  Pylon  
  149  10:37  Pylon  
  149  10:38  Pylon  
  149  10:40  Immortal, Probe x2  
  155  10:45  Archon  
  155  10:51  Pylon  
  155  10:52  Pylon  
  155  10:57  Pylon  
  155  11:16  High Templar x4  
  155  11:17  High Templar x2  
  167  11:20  Zealot x4  
  167  11:22  Archon x3  
  175  11:31  Assimilator  
  175  11:34  Assimilator  
Show
View Real Time Build Order
Export as new Build Order

CountZero Terran 

Build Orders: 1/1/1, Liberator Opening 

Get SALT Encoding   

  12  0:01  SCV  
  13  0:13  SCV  
  14  0:18  Supply Depot  
  14  0:27  Refinery  
  14  0:28  SCV  
  15  0:40  SCV  
  16  0:47  Barracks  
  16  0:52  SCV  
  17  0:58  Refinery  
  17  1:08  Supply Depot, SCV  
  18  1:20  SCV  
  19  1:36  Factory  
  19  1:37  Marine  
  20  1:46  Orbital Command  
  20  2:02  Barracks Reactor  
  20  2:13  SCV  
  21  2:21  Factory Tech Lab  
  21  2:24  Starport  
  21  2:25  SCV  
  21  2:28  Supply Depot  
  22  2:37  SCV  
  22  2:39  Marine x2  
  25  2:44  Liberator  
  25  2:45  Siege Tank  
  25  2:51  SCV  
  29  2:57  Marine x2  
  34  3:07  Supply Depot  
  34  3:11  SCV  
  35  3:15  Marine  
  37  3:22  Siege Tank  
  39  3:27  Liberator  
  39  3:28  Marine  
  40  3:38  Marine  
  44  4:16  Cyclone  
  47  4:22  Supply Depot  
  47  4:24  Engineering Bay  
  47  4:26  Liberator  
  49  4:50  Cyclone  
  48  5:28  Liberator  
  44  5:46  Siege Tank  
  31  6:04  Marine x2  
  32  6:20  Command Center  
  32  6:22  Bunker, Marine x2  
  32  6:23  Siege Tank  
  37  6:34  Command Center  
  37  6:47  Armory, Factory  
  37  6:57  Bunker  
  37  7:01  SCV  
  38  7:07  Marine  
  38  7:08  Marine  
  40  7:13  Starport Reactor  
  40  7:23  SCV  
  41  7:31  Refinery  
  41  7:35  Liberator  
  41  7:39  Orbital Command  
  41  7:45  Factory Reactor  
  44  8:11  Planetary Fortress  
  44  8:15  SCV x2, Sensor Tower  
  46  8:25  Liberator  
  47  8:27  SCV x2  
  47  8:29  Widow Mine x2  
  52  8:48  SCV x2  
  57  8:49  SCV  
  58  9:00  SCV x2  
  58  9:01  SCV  
  61  9:12  SCV x2  
  61  9:13  SCV, Missile Turret  
  64  9:24  Liberator  
  64  9:25  SCV  
  64  9:29  Command Center  
  65  9:34  Terran Vehicle Weapons Level 1  
  65  9:37  SCV  
  65  9:38  Armory  
  66  9:43  Missile Turret  
  69  9:49  Refinery, SCV  
  69  9:51  Refinery  
  70  9:58  Cyclone  
  73  10:01  Command Center  
  73  10:06  Marine x2  
  75  10:13  Terran Infantry Weapons Level 1  
  75  10:15  Supply Depot  
  75  10:20  SCV x2  
  77  10:23  Marine  
  77  10:27  Refinery  
  78  10:32  SCV x2  
  80  10:36  Cyclone  
  80  10:37  Cyclone  
  80  10:38  Supply Depot  
  80  10:39  Liberator  
  86  10:44  SCV  
  86  10:45  SCV, Terran Ship Weapons Level 1  
  88  10:56  SCV  
  88  10:57  SCV  
  93  10:59  Cyclone  
  96  11:08  Refinery  
  96  11:09  SCV  
  96  11:10  Planetary Fortress  
  97  11:14  SCV  
  98  11:18  Refinery  
  98  11:21  Marine x2  
  98  11:24  SCV x3  
  103  11:26  SCV  
  103  11:30  Cyclone  
  107  11:35  Cyclone  
  107  11:36  SCV  
  107  11:39  SCV  
  112  11:48  SCV  
  112  11:51  SCV  
  111  12:00  SCV  
  84  12:03  SCV  
Tags
 
Add a new tag
Caveats
  • Supply blocks, unpowered buildings, or Contaminate may cause inaccurate times.
  • Supply counts are checked every 10 seconds.